 Dungeon Crawl Stone Soup version 0.22-a0-388-g09e6169 (webtiles) character file.

1152 Serpenta the Skirmisher (level 8, -2/64 HPs)
             Began as a Mummy Chaos Knight on Apr 29, 2018.
             Slain by an unseen horror (5 damage)
             ... summoned by Xom
             ... on level 10 of the Dungeon.
             The game lasted 00:12:25 (6679 turns).

Serpenta the Skirmisher (Mummy Chaos Knight)        Turns: 6679, Time: 00:12:25

Health: -2/64      AC: 10    Str: 17    XL:     8   Next: 16%
Magic:  0/11       EV:  7    Int: 11    God:    Xom [......]
Gold:   203        SH:  0    Dex: 15    Spells: 7/7 levels left

rFire    x . .     SeeInvis .   x - +2 quarterstaff (crush)
rCold    + . .     Gourm    .   (shield currently unavailable)
rNeg     + + +     Faith    .   o - +0 chain mail
rPois    ∞         Spirit   +   d - +2 hat
rElec    .         Reflect  .   (no cloak)
rCorr    .         Harm     .   (no gloves)
MR       +....                  (no boots)
Stlth    ..........             h - amulet of guardian spirit
HPRegen  0.20/turn              j - +3 ring of dexterity
MPRegen  0.12/turn              (no ring)

@: very slightly contaminated
A: no food or potions, fire vulnerability, cold resistance 1, negative energy
resistance 3, torment resistance, unbreathing
a: Renounce Religion


You were on level 10 of the Dungeon.
You worshipped Xom.
You were a very special plaything of Xom.
You were not hungry.

You visited 1 branch of the dungeon, and saw 8 of its levels.

You collected 420 gold pieces.
You spent 217 gold pieces at shops.


Innate Abilities, Weirdness & Mutations

You do not eat or drink.
Your flesh is vulnerable to fire.
You are immune to poison.
Your flesh is cold resistant. (rC+)
You are immune to negative energy. (rN+++)
You are immune to unholy pain and torment.
You can survive without breathing.


   Skills:
 - Level 5.8 Fighting
 - Level 4.7 Axes
 + Level 2.1 Staves
 - Level 1.5 Armour
 - Level 0.7 Dodging
 - Level 4.8 Evocations


You had 7 spell levels left.
You didn't know any spells.

Action                   |  1- 3 |  4- 6 |  7- 9 || total
-------------------------+-------+-------+-------++-------
Melee: Hand axe          |   113 |   170 |    96 ||   379
       Quarterstaff      |       |       |    22 ||    22
Throw: Tomahawk          |       |     5 |     3 ||     8
Evoke: Wand              |       |       |     6 ||     6
  Use: Scroll            |       |     4 |     8 ||    12
Armor: Leather armour    |    33 |    49 |       ||    82
       Chain mail        |       |    22 |    79 ||   101
Dodge: Dodged            |    69 |    72 |    46 ||   187

Inventory:

Hand Weapons
 a - a +0 hand axe of chaos
 b - a +0 hand axe of freezing
 x - a +2 quarterstaff of crushing (weapon)
Missiles
 l - 5 tomahawks (quivered)
Armour
 d - a +2 hat (worn)
 o - a +0 chain mail (worn)
 t - a +0 helmet
Jewellery
 h - an amulet of guardian spirit (around neck)
 j - a +3 ring of dexterity (left hand)
 m - an uncursed ring of ice
 s - a cursed amulet of inaccuracy {unknown}
Wands
 r - a wand of acid (2)
 u - a wand of polymorph (37)
Scrolls
 c - a scroll of enchant armour
 e - a scroll of enchant weapon
 g - 2 scrolls of teleportation
 i - a scroll of amnesia

*,*###**.......########
********###,,...##......$..g.g...
,,,,,,,,....,,.K..%....g..>######
,,,,,,,,....###K##!..g...#.# ***
***,,,,,,.....#K.....g.....#**,**
* *,,*****,.o...K.)..............
* *,,* *,*#$#KK............#..# *
*,,*****,*#oo{...........#.#.,* *
*,,**,,.....#.@.(........#.#,,*
*,,**,,...,,#.#.....######.#,,*
*,,**,,.,,,,#.#.###.#,,,,,,,,,*
*,,**,,,,,,,#(#.#,,,..,,,,,*,**
*,,**,,,,,,,#.#..,,,,...,,,,,,,
*,,**,,,,,,,#.###,,,,,..,,,*,**
*,,**,,,,,,,#.# *,,,,*,#,,,,,,,
***,,**,,,,,,,#.# *,*,,*,*,*,*,8,
,,,,,**,,,,,,,*,* *,*,,*,*,*,*,,⌠


You could see a big kobold, a gnoll shaman, 2 gnolls, 3 orcs and 5 kobolds.

Vanquished Creatures
  Menkaure (D:5)
  2 ogres
  A centaur (D:6)
  A bullfrog (D:5)
  A scorpion (D:10)
  A crimson imp (D:9)
  A howler monkey (D:4)
  2 hounds (D:6)
  2 orc priests
  2 orc wizards
  Natasha (thrice) (D:2)
  4 worker ants
  2 hound zombies
  6 gnolls
  7 adders
  2 shadow imps
  An ooze (D:3)
  An adder skeleton (D:5)
  2 worms
  3 dart slugs
  4 leopard geckos
  10 orcs
  A ball python (D:2)
  3 giant cockroaches
  6 hobgoblins
  2 jackals (D:4)
  A quokka (D:2)
  5 bats
  2 frilled lizards
  5 goblins
  A quokka skeleton (D:6)
  8 rats
93 creatures vanquished.

Vanquished Creatures (collateral kills)
  A hound (D:4)
1 creature vanquished.

Grand Total: 94 creatures vanquished

Vault maps used:
D:1:      dpeg_arrival_connections, minmay_misc_feat_hallway
D:2:      overflow_temple_1_default, first_ration, bloody_makhleb, uniq_natasha
D:3:      chequers_ecumenical_altar_simple, uniq_sigmund
D:4:      minitemple
D:5:      uniq_menkaure, uniq_crazy_yiuf_cottage, uniq_eustachio
D:6:      mumra_celtic_spiral_tile, serial_shops, nicolae_shop_statue_plus
D:10:     serial_shops, nicolae_shop_temple_entry_statues_fountains, shop,
          nicolae_shop_window_shopping, the_bakery


Message History

The orc moves out of view.
Xom changes the scenery.
Nothing appears to happen...
Ominous!
The stone staircase leading up slides away as you move beside it!
Something hits you!
* * * LOW HITPOINT WARNING * * *
The big kobold throws a stone.
The stone barely misses you.
The stone staircase leading up slides away as you move beside it!
Something hits you.
* * * LOW HITPOINT WARNING * * *
The kobold throws a stone.
The orc wizard hits you with a dagger.
* * * LOW HITPOINT WARNING * * *
The stone staircase leading up slides away as you move beside it!
Something hits you but does no damage. The orc hits you but does no damage.
The orc wizard casts a spell.
The orc wizard flickers and vanishes!
The stone staircase leading up slides away as you move beside it!
Something hits you.
You die...
Xom snickers!

Notes
Turn   | Place    | Note
-------+----------+-------------------------------------------
     0 | D:1      | Serpenta the Mummy Chaos Knight began the quest for the Orb.
     0 | D:1      | Reached XP level 1. HP: 18/18 MP: 1/1
   181 | D:1      | Reached XP level 2. HP: 20/24 MP: 2/2
   511 | D:1      | XOM: silly message
   541 | D:1      | XOM: potion effect (haste)
   759 | D:2      | Found a burning altar of Makhleb.
   962 | D:2      | XOM: divination: magic mapping
  1061 | D:1      | Reached XP level 3. HP: 22/29 MP: 3/3
  1257 | D:1      | XOM: cloud trail
  1547 | D:1      | XOM: divination: detect creatures
  1668 | D:2      | Reached skill level 4 in Fighting
  1721 | D:2      | XOM: harmless Tmut miscast
  1821 | D:2      | Noticed Natasha
  1941 | D:2      | Killed Natasha
  1941 | D:2      | Reached XP level 4. HP: 28/37 MP: 4/4
  2227 | D:2      | XOM: divination: detect items
  2238 | D:2      | XOM: potion effect (invisibility)
  2357 | D:2      | Found a burning altar of Makhleb.
  2380 | D:2      | XOM: mild Tloc miscast
  2534 | D:2      | XOM: god gift: emerald potion {god gift}
  2553 | D:3      | Found a faded altar of an unknown god.
  2680 | D:3      | XOM: scenery: create altars
  2699 | D:3      | XOM: scenery: create altars
  2701 | D:3      | XOM: harmless Conj miscast
  2788 | D:3      | XOM: cloud trail
  2852 | D:3      | Reached XP level 5. HP: 42/43 MP: 5/5
  2887 | D:3      | Noticed Sigmund
  3112 | D:3      | Reached skill level 5 in Fighting
  3127 | D:2      | Noticed Natasha
  3132 | D:2      | Killed Natasha
  3228 | D:3      | XOM: god gift: 7 rations {god gift}
  3412 | D:2      | Noticed Natasha
  3422 | D:2      | XOM: enchant monster (good)
  3422 | D:2      | Killed Natasha
  3422 | D:2      | Reached XP level 6. HP: 21/51 MP: 3/6
  3492 | D:2      | XOM: scenery: create altars
  3506 | D:2      | XOM: cloud trail
  3870 | D:3      | XOM: god gift: leather armour {god gift}
  4025 | D:4      | Found a hazy altar of Hepliaklqana.
  4031 | D:4      | Found a radiant altar of Vehumet.
  4032 | D:4      | Found a shimmering altar of Xom.
  4033 | D:4      | Found a white marble altar of Elyvilon.
  4034 | D:4      | Found an ornate altar of the Wu Jian Council.
  4035 | D:4      | Found a blossoming altar of Fedhas.
  4036 | D:4      | XOM: god gift: 57 gold pieces {god gift}
  4197 | D:4      | XOM: butterfly on damage
  4209 | D:4      | XOM: polymorph butterfly -> gnoll
  4549 | D:4      | XOM: confuse monster(s)
  4557 | D:4      | XOM: polymorph worker ant -> howler monkey
  4607 | D:4      | XOM: summons 6 friendly demons
  4610 | D:4      | Reached skill level 1 in Evocations
  4705 | D:4      | XOM: scenery: create altars
  4732 | D:4      | Reached XP level 7. HP: 52/57 MP: 5/8
  5084 | D:5      | Entered Level 5 of the Dungeon
  5139 | D:5      | Noticed Menkaure
  5143 | D:5      | Killed Menkaure
  5382 | D:5      | XOM: divination: magic mapping
  5573 | D:5      | Found a runed door.
  5633 | D:5      | Noticed Eustachio
  5634 | D:5      | Noticed Eustachio
  5634 | D:5      | Eustachio changed into Eustachio the bullfrog
  5640 | D:5      | XOM: confuse monster(s)
  5641 | D:5      | Killed Eustachio the bullfrog
  5862 | D:5      | XOM: silly message
  6020 | D:5      | XOM: harmless Air miscast
  6028 | D:5      | Noticed Crazy Yiuf
  6029 | D:5      | Noticed Crazy Yiuf
  6029 | D:5      | Crazy Yiuf changed into Crazy Yiuf the steam dragon
  6070 | D:6      | Found Sicex's Antique Weapon Shop.
  6074 | D:6      | Reached XP level 8. HP: 56/64 MP: 7/11
  6114 | D:6      | Bought a glowing quarterstaff for 217 gold pieces
  6409 | D:6      | Reached skill level 1 in Staves
  6437 | D:6      | XOM: harmless Conj miscast
  6469 | D:6      | You fall through a shaft for 3 floors!
  6487 | D:9      | Noticed a five-headed hydra
  6514 | D:10     | Entered Level 10 of the Dungeon
  6514 | D:10     | Found Boidafoy's Food Boutique.
  6514 | D:10     | XOM: chaos cloud
  6533 | D:10     | Noticed a hornet
  6533 | D:10     | a spriggan changed into a hornet
  6539 | D:10     | a hornet changed into a tengu
  6656 | D:10     | XOM: summons 3 hostile shadow creatures
  6677 | D:10     | HP: 3/64 [orc wizard/dagger (1)]
  6679 | D:10     | Slain by an unseen horror
